Map: Overgrown Facility

Players

SwarmRA - Winner!

  • Race: Terran Terran
  • League: Diamond
  • Spawn Location: 7:00

Infamous - Winner!

  • Race: Protoss Protoss
  • League: Silver
  • Spawn Location: 9:00

TIPUNO

  • Race: Terran Terran
  • Spawn Location: 1:00

Heretic

  • Race: Protoss Protoss
  • League: Silver
  • Spawn Location: 3:00

VOD

Have the link to the VOD?

Description

Time

  • Played on: March 19, 2018, 11:18 a.m.
  • Length: 11:50
Show
View Real Time Build Order
Export as new Build Order

SwarmRA Terran - Winner!

Build Orders: Reaper Expand, Mech 

Get SALT Encoding   

  12  0:01  SCV  
  13  0:13  SCV  
  14  0:19  Supply Depot  
  14  0:25  SCV  
  15  0:29  Refinery  
  15  0:40  SCV  
  16  0:48  Barracks  
  16  0:52  SCV  
  17  1:05  SCV  
  18  1:18  SCV  
  19  1:35  Orbital Command  
  19  1:36  Reaper  
  20  1:59  Command Center  
  20  2:02  Factory, SCV  
  21  2:08  Refinery  
  21  2:14  SCV  
  22  2:17  Supply Depot  
  22  2:26  SCV  
  23  2:30  Barracks Reactor  
  23  2:39  SCV  
  24  2:51  SCV  
  25  3:08  SCV  
  26  3:20  SCV x2  
  26  3:23  Hellion x2  
  32  3:28  Starport  
  32  3:36  SCV  
  32  3:38  Orbital Command  
  33  3:55  SCV  
  34  3:57  Hellion x2  
  34  4:01  Factory  
  38  4:06  Factory, SCV  
  38  4:07  Factory, SCV  
  38  4:09  Refinery x2  
  40  4:18  SCV  
  40  4:19  SCV  
  42  4:29  Medivac  
  42  4:30  SCV  
  45  4:31  SCV  
  45  4:33  Supply Depot  
  45  4:35  Supply Depot  
  45  4:37  Supply Depot  
  46  4:54  SCV x2  
  46  4:55  Hellion x2, Factory Tech Lab x2  
  46  4:57  Factory Reactor  
  52  5:07  SCV  
  52  5:16  Armory  
  52  5:19  SCV x2  
  54  5:31  SCV  
  54  5:32  SCV  
  54  5:34  Siege Tank x2  
  62  5:36  Hellion x4  
  70  6:37  Starport  
  70  6:41  Supply Depot, Hellion x3, Siege Tank x2, SCV x2  
  70  6:42  Supply Depot  
  70  6:44  Supply Depot  
  84  6:53  SCV  
  59  7:46  SCV  
  59  7:47  SCV  
  59  7:52  Viking  
  61  7:59  SCV x2  
  61  8:05  Cyclone x2  
  67  8:06  Cyclone x2  
  67  8:07  Thor x2  
  67  8:11  SCV x2  
  82  8:21  Engineering Bay  
  82  8:23  SCV x2  
  77  8:35  SCV  
  77  8:37  Hellion x2  
  77  8:39  Hellion  
  82  8:43  SCV  
  82  8:47  SCV  
  84  8:51  Missile Turret  
  84  8:55  SCV  
  85  8:59  SCV  
  86  9:07  SCV  
  87  9:11  Missile Turret, SCV  
  87  9:12  Missile Turret  
  88  9:19  SCV  
  88  9:21  Missile Turret  
  88  9:22  Hellion x2  
  88  9:23  Hellion, SCV  
  96  9:31  SCV  
  96  9:35  SCV  
  98  9:43  SCV  
  99  9:47  SCV  
  100  9:53  Command Center  
  100  9:54  Siege Tank x2  
  100  9:57  SCV  
  108  10:00  SCV  
  108  10:09  SCV  
  108  10:12  SCV  
  108  10:38  Siege Tank  
  109  10:48  SCV  
  110  11:05  Hellion x4, Siege Tank, SCV x2  
  123  11:17  SCV  
  113  11:26  Hellion, SCV x2  
  113  11:29  SCV  
  113  11:32  Refinery  
Show
View Real Time Build Order
Export as new Build Order

Infamous Protoss - Winner!

Build Orders:  

Get SALT Encoding   

  12  0:01  Probe  
  13  0:13  Probe  
  14  0:20  Pylon  
  14  0:28  Probe  
  15  0:40  Gateway  
  15  0:42  Probe  
  16  0:54  Probe  
  17  0:57  Assimilator  
  17  1:06  Probe  
  18  1:11  Pylon  
  18  1:20  Probe  
  19  1:30  Cybernetics Core  
  19  1:32  Probe (Chrono Boost)  
  20  1:41  Probe (Chrono Boost)  
  21  1:48  Assimilator  
  21  1:54  Gateway  
  21  1:55  Probe  
  22  2:03  Warp Gate (Chrono Boost)  
  22  2:08  Probe  
  22  2:23  Adept (Chrono Boost)  
  22  2:27  Pylon  
  22  2:29  Probe  
  25  2:36  Pylon  
  25  2:41  Probe, Adept  
  28  2:47  Pylon  
  28  2:54  Probe  
  28  2:55  Robotics Facility  
  29  3:06  Probe  
  30  3:18  Probe  
  31  3:33  Probe  
  32  3:34  Nexus  
  32  3:37  Pylon  
  32  3:44  Pylon  
  32  3:49  Twilight Council  
  32  4:03  Probe  
  32  4:04  Observer  
  34  4:17  Gateway  
  34  4:22  Gateway  
  34  4:26  Immortal  
  34  4:30  Stalker  
  40  4:42  Probe  
  40  4:44  Charge  
  41  4:51  Probe  
  41  4:52  Forge  
  42  4:54  Probe  
  42  4:55  Sentry  
  45  5:10  Probe x2  
  47  5:15  Stalker  
  47  5:16  Sentry  
  51  5:22  Protoss Ground Weapons Level 1 (Chrono Boost)  
  51  5:27  Immortal (Chrono Boost)  
  55  5:31  Stalker  
  57  5:41  Probe x2  
  59  5:48  Assimilator  
  59  5:52  Assimilator  
  59  5:54  Pylon  
  59  5:57  Probe  
  59  5:58  Probe  
  59  5:59  Pylon, Sentry  
  59  6:00  Sentry  
  65  6:24  Stalker  
  66  6:25  Gateway  
  66  6:27  Zealot  
  66  6:28  Gateway  
  66  6:30  Gateway  
  62  6:36  Observer  
  57  6:49  Photon Cannon  
  51  7:06  Stalker x2  
  51  7:20  Shield Battery  
  49  7:32  Probe x2  
  49  7:37  Protoss Ground Armor Level 1 (Chrono Boost)  
  46  7:44  Probe  
  46  7:48  Stalker  
  48  8:04  Stalker x2  
  52  8:06  Sentry  
  52  8:07  Sentry  
  50  8:18  Shield Battery  
  46  8:21  Probe x2  
  48  8:28  Zealot  
  50  8:42  Stalker  
  50  8:43  Sentry x2  
  56  8:53  Probe x2  
  58  8:59  Sentry  
  58  9:00  Zealot  
  62  9:05  Probe  
  63  9:13  Warp Prism  
  65  9:21  Photon Cannon  
  65  9:26  Probe (Chrono Boost)  
  67  9:31  Probe (Chrono Boost)  
  67  9:42  Probe (Chrono Boost)  
  67  9:43  Probe  
  69  9:49  Sentry x2  
  69  9:50  Sentry x4  
  81  10:02  Immortal (Chrono Boost)  
  85  10:17  Stalker x2  
  89  10:39  Stalker x3  
  89  10:42  Zealot  
  97  10:53  Sentry x2  
  101  11:14  Pylon  
  101  11:15  Pylon  
  101  11:17  Pylon  
  101  11:20  Pylon, Twilight Council  
  101  11:24  Pylon  
  101  11:41  Zealot x4  
  101  11:42  Zealot  
Show
View Real Time Build Order
Export as new Build Order

TIPUNO Terran 

Build Orders:  

Get SALT Encoding   

  12  0:07  SCV  
  13  0:33  Supply Depot  
  13  0:37  Supply Depot  
  13  0:54  SCV  
  13  0:57  Supply Depot  
  14  1:01  Supply Depot  
  14  1:21  SCV  
  14  1:25  Supply Depot  
  15  1:27  Supply Depot  
  15  1:33  SCV  
  16  1:45  SCV  
  17  1:56  Barracks  
  17  2:05  Barracks  
  17  2:18  Refinery  
  17  2:20  SCV  
  17  2:21  Refinery  
  18  2:32  SCV  
  18  2:48  Marine  
  17  2:58  SCV  
  18  3:06  Marine  
  17  3:23  Marine  
  17  3:24  Marine  
  17  3:26  SCV  
  18  3:38  SCV  
  18  3:40  Marine, Engineering Bay  
  20  3:50  SCV  
  21  4:04  Marine x2  
  21  4:08  Terran Infantry Weapons Level 1  
  23  4:14  Missile Turret  
  23  4:15  SCV  
  24  4:22  Marine x2  
  26  4:32  SCV  
  27  4:39  Marine  
  27  4:40  Marine  
  29  4:56  Factory  
  29  4:57  SCV  
  30  5:09  SCV  
  31  5:23  Marine x2  
  33  5:41  Marine x2  
  35  5:43  Missile Turret  
  35  5:47  Factory Tech Lab  
  31  5:59  Marine x2  
  21  6:17  Marine x2  
  19  6:31  SCV  
  20  6:43  SCV  
  21  6:55  SCV  
  22  7:07  SCV  
  21  7:19  Marine  
  21  7:20  SCV  
  23  7:32  SCV  
  21  7:55  Siege Tank  
  24  8:02  SCV  
  22  8:38  Siege Tank  
  25  8:46  SCV  
  26  9:01  Missile Turret  
  26  9:12  SCV  
  27  9:22  Marine  
  27  9:23  Marine  
  29  9:58  Marine x2  
  31  10:09  Siege Tank  
  31  10:13  SCV  
  35  10:16  Marine x2  
  36  10:33  Marine  
Show
View Real Time Build Order
Export as new Build Order

Heretic Protoss 

Build Orders:  

Get SALT Encoding   

  12  0:12  Pylon  
  12  0:15  Probe  
  13  0:36  Gateway  
  13  0:44  Assimilator  
  13  0:51  Forge  
  13  1:08  Pylon  
  13  1:30  Cybernetics Core  
  13  1:33  Probe (Chrono Boost)  
  14  1:43  Probe (Chrono Boost)  
  15  1:48  Probe (Chrono Boost)  
  15  1:50  Photon Cannon  
  16  1:59  Probe  
  17  2:14  Warp Gate  
  17  2:37  Pylon  
  17  2:57  Twilight Council  
  17  3:06  Robotics Facility  
  17  3:09  Probe (Chrono Boost)  
  18  3:15  Assimilator  
  18  3:19  Probe (Chrono Boost)  
  19  3:55  Probe (Chrono Boost)  
  20  3:58  Warp Prism  
  20  4:02  Protoss Shields Level 1  
  22  4:05  Probe (Chrono Boost)  
  23  4:10  Probe (Chrono Boost)  
  24  4:22  Dark Shrine  
  24  4:38  Adept  
  26  5:00  Gateway  
  26  5:21  Gateway x2  
  26  5:34  Dark Templar  
  28  6:28  Dark Templar x2  
  32  6:51  Dark Templar x2  
  36  7:02  Dark Templar  
  36  7:05  Dark Templar  
  28  7:33  Dark Templar  
  28  7:58  Dark Templar  
  30  8:26  Dark Templar  
  24  9:23  Nexus  
  24  9:33  Pylon  
  24  9:44  Gateway  
  24  9:47  Gateway  
  24  9:49  Gateway  
  24  9:52  Gateway  
  24  9:55  Gateway  
  24  9:57  Gateway  
  22  10:18  Pylon  
Tags
 
Add a new tag
Caveats
  • Supply blocks, unpowered buildings, or Contaminate may cause inaccurate times.
  • Supply counts are checked every 10 seconds.